 Dungeon Crawl Stone Soup version 0.17.0-28-g6e173f8 (webtiles) character file.

14 lucasterio the Ruffian (level 2, -4/23 HPs)
             Began as a Draconian Transmuter on Nov 24, 2015.
             Killed from afar by Sigmund (5 damage)
             ... with a wand of flame
             ... on level 2 of the Dungeon.
             The game lasted 00:02:42 (1008 turns).

lucasterio the Ruffian (Draconian Transmuter)       Turns: 1008, Time: 00:02:42

Health: -4/23      AC:  4    Str: 12    XL:     2   Next: 31%
Magic:  5/5        EV: 12    Int: 13    God:
Gold:   60         SH:  0    Dex: 11    Spells: 1 memorised, 4 levels left

rFire  . . .     SeeInvis .       - Unarmed
rCold  . . .     Clarity  .     (armour unavailable)
rNeg   . . .     SustAt   .     (no shield)
rPois  .         Gourm    .     (helmet restricted)
rElec  .         Spirit   .     (no cloak)
rCorr  .         Warding  .     (no gloves)
rMut   +         Stasis   .     (no boots)
MR     .....                    m - amulet of resist mutation
Stlth  +.........               (no ring)
                                (no ring)

@: appendage (expiring), not resistant to hostile enchantments, very unstealthy
A: unfitting armour, horns 2, cold-blooded, AC +4
a: End Transformation


You were on level 2 of the Dungeon.
You were not hungry.
You had grown temporary horns.
You visited 1 branch of the dungeon, and saw 2 of its levels.

You collected 60 gold pieces.

Inventory:

Hand Weapons
 e - a +0 short sword
Missiles
 a - 40 arrows
Armour
 g - a +0 leather armour
Jewellery
 m - an amulet of resist mutation (around neck)
Scrolls
 h - a scroll of noise {unknown}
 i - 2 scrolls of identify {unknown}
Potions
 d - a potion of mutation {unknown}
 f - 2 potions of haste {unknown}
 j - a potion of brilliance {unknown}
 k - a potion of resistance {unknown}
Books
 b - a book of Changes

   Spells                             Type                      Level
   a - Beastly Appendage              Transmutation                1
   b - Sticks to Snakes               Transmutation                2
   c - Spider Form                    Transmutation/Poison         3
   d - Ice Form                       Ice/Transmutation            4
   e - Blade Hands                    Transmutation                5
Comestibles
 c - 3 bread rations


   Skills:
 + Level 1.4 Fighting
 - Level 1.7 Dodging
 + Level 3.4 Unarmed Combat
 + Level 2.1 Spellcasting
 + Level 2.2 Transmutations


You had 4 spell levels left.
You knew the following spells:

 Your Spells              Type           Power        Failure   Level  Hunger
a - Beastly Appendage     Trmt           #.....       12%         1    ##.....


Dungeon Overview and Level Annotations

Branches:
Dungeon (2/15)

Altars:

Annotations:
D:2 Sigmund


Innate Abilities, Weirdness & Mutations

Your plain brown scales are hard (AC +4).
Your body does not fit into most forms of armour.
You are cold-blooded and may be slowed by cold attacks.
You have a pair of horns on your head.


Message History

A rat comes into view.
You barely miss Sigmund. You headbutt Sigmund, but do no damage.
Sigmund is lightly wounded.
Sigmund barely misses you.
You hit Sigmund.
Sigmund is moderately wounded.
The kobold misses you. Sigmund hits you with a scythe.
You completely miss Sigmund.
Sigmund is moderately wounded.
Your transformation is almost over.
The kobold barely misses you.
You hit Sigmund. You headbutt Sigmund.
Your tail-slap misses Sigmund.
Sigmund is heavily wounded.
Sigmund zaps a wand.
The puff of flame hits you!
* * * LOW HITPOINT WARNING * * *
The kobold hits you with a short sword.
* * * LOW HITPOINT WARNING * * *
All of the chunks of flesh in your inventory have rotted away.
Sigmund zaps a wand.
The puff of flame hits you!
You die...

#.##. .. .. #
.#.. .# . . ...
.? . #.#.. .#.# #
###.#.r#.#.#.##
.....#.........
#....K@......
#<...# ###..@#
..#...# #.#...#
#.#...#
.#####.#...#
...........#
.#####.#.#.####.#
#.#........#
#.###.######


You could see Sigmund, a kobold and a rat.

Vanquished Creatures
  A giant gecko (D:1)
  5 bats (D:1)
  3 hobgoblins (D:1)
  A kobold (D:1)
  2 giant cockroaches
  A goblin (D:1)
13 creatures vanquished.

Notes
Turn   | Place    | Note
--------------------------------------------------------------
     0 | D:1      | lucasterio the Draconian Transmuter began the quest for the Orb.
     0 | D:1      | Reached XP level 1. HP: 16/16 MP: 3/3
   556 | D:1      | Reached XP level 2. HP: 23/23 MP: 5/5
   996 | D:2      | Noticed Sigmund
  1007 | D:2      | HP: 1/23 [kobold/short sword (2)]
  1008 | D:2      | Killed from afar by Sigmund

Action                   || total
-------------------------++-------
Melee: Unarmed           ||    53
 Cast: Beastly Appendage ||     1
 Stab: Sleeping          ||     1
